 Dungeon Crawl Stone Soup version 0.20.0-8-g6b59dc7 (webtiles) character file.

871 tsouns the Chiller (level 8, -1/46 HPs)
             Began as an Octopode Ice Elementalist on June 2, 2017.
             Was a Follower of Dithmenos.
             Slain by an orc warrior
             ... wielding a +0 halberd
              (11 damage)
             ... on level 6 of the Dungeon.
             The game lasted 00:13:08 (4709 turns).

tsouns the Chiller (Octopode Ice Elementalist)      Turns: 4709, Time: 00:13:08

Health: -1/46      AC:  1    Str:  7    XL:     8   Next: 3%
Magic:  14/14      EV: 15    Int: 19    God:    Dithmenos [*.....]
Gold:   165        SH:  0    Dex: 13    Spells: 5/15 levels left

rFire    . . .     SeeInvis +   c - +0 trident
rCold    . . .     Gourm    .   (no shield)
rNeg     . . .     Faith    .   (helmet restricted)
rPois    .         Spirit   .   (no amulet)
rElec    .         Reflect  .   k - +1 ring of slaying
rCorr    .         Harm     .   e - ring of see invisible
MR       .....                  (no ring)
Stlth    ++++......             (no ring)
Regen    0.2/turn               (no ring)
MPRegen  0.2/turn               (no ring)
                                (no ring)
                                (no ring)

@: wreathed by umbra
A: almost no armour, stealthy swim, amphibious, 8 rings, constrict 8, camouflage
1, gelatinous body 1
a: Renounce Religion


You were on level 6 of the Dungeon.
You worshipped Dithmenos.
Dithmenos was aware of your devotion.
You were not hungry.

You visited 1 branch of the dungeon, and saw 6 of its levels.

You collected 165 gold pieces.

Inventory:

Hand Weapons
 c - a +0 trident (weapon)
 f - a +0 hand axe
Missiles
 d - 11 tomahawks (quivered)
 i - 231 stones
 l - 29 sling bullets
Jewellery
 e - a ring of see invisible (right tentacle)
 k - a +1 ring of slaying (left tentacle)
 u - an uncursed amulet of guardian spirit
Scrolls
 q - 3 scrolls of remove curse
 w - a scroll of amnesia
Potions
 g - 2 potions of might
 h - 2 potions of heal wounds
 m - a potion of brilliance
 n - a potion of lignification {unknown}
 o - a potion of cancellation {unknown}
 p - a potion of flight {unknown}
 r - 2 potions of curing {unknown}
 s - a potion of agility {unknown}
 t - 2 potions of haste {unknown}
Books
 a - a book of Frost

   Spells                             Type                      Level
   a - Freeze                         Ice                          1
   b - Throw Frost                    Conjuration/Ice              2
   c - Ozocubu's Armour               Charms/Ice                   3
   d - Throw Icicle                   Conjuration/Ice              4
   e - Summon Ice Beast               Ice/Summoning                4
Comestibles
 b - 6 bread rations
 j - 3 meat rations
 v - 2 chunks of flesh


   Skills:
 * Level 0.4 Polearms
 + Level 4.7 Dodging
 - Level 3.2 Stealth
 + Level 4.3 Spellcasting
 + Level 3.5 Conjurations
 + Level 5.7 Ice Magic


You had 5 spell levels left.
You knew the following spells:

 Your Spells              Type           Power        Failure   Level  Hunger
a - Freeze                Ice            ####         1%          1    None
b - Throw Frost           Conj/Ice       ###...       3%          2    #......
c - Ozocubu's Armour      Chrm/Ice       ###.....     12%         3    ###....
d - Throw Icicle          Conj/Ice       ###.....     19%         4    ####...


Dungeon Overview and Level Annotations

Branches:
Dungeon (6/15)
 Temple: D:4-7

Altars:
Dithmenos

Annotations:
D:5 Sigmund


Innate Abilities, Weirdness & Mutations

You cannot wear most types of armour.
You are very stealthy in the water. (Stealth+)
You are amphibious.
You can wear up to eight rings at the same time.
You can use your tentacles to constrict eight enemies at once.
Your skin changes colour to match your surroundings (Stealth+).
Your rubbery body absorbs attacks. (AC +1, EV +1)


Message History

The bullfrog is severely wounded.
The orc warrior hits you from afar with a halberd!!
Ouch! That really hurt!
* * * LOW HITPOINT WARNING * * *
The bullfrog closely misses you.
Okay, then.
You feel much better.
The orc warrior hits you from afar with a halberd.
The bullfrog closely misses you.
The bullfrog is no longer moving slowly.
The bullfrog hits you! The bullfrog misses you. The bullfrog misses you.
The bullfrog hits you. The bullfrog hits you.
* * * LOW HITPOINT WARNING * * *
There is a stone staircase leading up here.
The bullfrog barely misses you.
The orc warrior hits you from afar with a halberd!
You die...

######## #......#
########.####.# #..ooF@#.#
#.# ### #.######.####.#
..#########...........#.#
............>.###..##.#.#
............#.##..###.#.#
..###.............# #.#.#
..# #.#.###.####..# #.#.#
#.# #.......#.....###.#+####
#.###.#.#####.##...........#


You could see an orc warrior, a bullfrog and an orc.

Vanquished Creatures
  The ghost of Vajrapani the Ogre Mage, an amateur OgEE (D:4)
  Eustachio (D:5)
  2 bullfrogs (D:6)
  3 hounds
  A bullfrog skeleton (D:6)
  3 orc wizards
  A jelly (D:6)
  Jessica (D:2)
  2 worker ants (D:4)
  6 adders
  A shadow imp (D:6)
  4 oozes
  2 worms (D:4)
  3 dart slugs
  2 leopard geckos
  7 orcs
  2 ball pythons
  6 bats
  12 giant cockroaches
  8 hobgoblins
  5 jackals
  7 kobolds
  2 quokkas
  5 frilled lizards
  7 goblins
  5 rats
99 creatures vanquished.

Notes
Turn   | Place    | Note
-------+----------+-------------------------------------------
     0 | D:1      | tsouns the Octopode Ice Elementalist began the quest for the Orb.
     0 | D:1      | Reached XP level 1. HP: 11/11 MP: 3/3
   107 | D:1      | Reached XP level 2. HP: 14/17 MP: 1/5
   240 | D:1      | Learned a level 2 spell: Throw Frost
   497 | D:1      | Reached XP level 3. HP: 13/21 MP: 1/6
   944 | D:1      | Learned a level 3 spell: Ozocubu's Armour
  1339 | D:2      | Reached XP level 4. HP: 27/27 MP: 4/7
  1421 | D:2      | Reached skill level 4 in Ice Magic
  1865 | D:2      | Noticed Jessica
  1869 | D:2      | Killed Jessica
  1894 | D:2      | Reached XP level 5. HP: 31/31 MP: 7/9
  2345 | D:3      | Found a shadowy altar of Dithmenos.
  2368 | D:3      | Became a worshipper of Dithmenos the Shadowed
  2924 | D:4      | Reached XP level 6. HP: 36/36 MP: 2/10
  3248 | D:4      | Reached * piety under Dithmenos
  3952 | D:4      | Learned a level 4 spell: Throw Icicle
  4016 | D:4      | Noticed Vajrapani's ghost (amateur OgEE)
  4029 | D:4      | Killed Vajrapani's ghost
  4029 | D:4      | Reached skill level 5 in Ice Magic
  4029 | D:4      | Reached XP level 7. HP: 38/41 MP: 2/12
  4142 | D:5      | Entered Level 5 of the Dungeon
  4176 | D:5      | Noticed Eustachio
  4196 | D:5      | Killed Eustachio
  4259 | D:5      | Noticed Sigmund
  4632 | D:6      | Reached XP level 8. HP: 31/46 MP: 10/14
  4709 | D:6      | Slain by an orc warrior

Skill      XL: |  1  2  3  4  5  6  7 |
---------------+----------------------+-----
Stealth        | 3 |  3.2
Ice Magic      | 4 5 |  5.7
Dodging        | 3 4 |  4.7
Spellcasting   | 3 4 |  4.3
Conjurations   | 2 3 |  3.5
Polearms       | |  0.4

Action                   |  1- 3 |  4- 6 |  7- 9 || total
-------------------------+-------+-------+-------++-------
Melee: Unarmed           |    14 |       |       ||    14
       Constrict         |     5 |     9 |     3 ||    17
       Hand axe          |    14 |    27 |       ||    41
       Tentacles         |     2 |     4 |     2 ||     8
       Trident           |       |       |    20 ||    20
Throw: Tomahawk          |     2 |     2 |       ||     4
 Cast: Freeze            |    47 |    74 |    38 ||   159
       Throw Frost       |       |    20 |       ||    20
  Use: Scroll            |     1 |     7 |       ||     8
       Potion            |       |     1 |     1 ||     2
 Stab: Sleeping          |     3 |     6 |     3 ||    12
       Distracted        |       |       |     1 ||     1
  Eat: Chunk             |     2 |     8 |     1 ||    11
       Fruit             |       |       |     2 ||     2
Armor: Skin              |     4 |     3 |     4 ||    11
Dodge: Dodged            |    46 |    59 |    38 ||   143
